 Dungeon Crawl Stone Soup version 0.26-a0-6-g448add79b7 (webtiles) character file.

Game seed: 11793752374087272946, levelgen mode: classic

214437 EnegeticOcto the Bringer of Law (level 17, -8/144 HPs)
             Began as a Deep Dwarf Monk on May 24, 2020.
             Was the Champion of Zin.
             Killed from afar by a starcursed mass (9 damage)
             ... with an accursed screaming
             ... on level 1 of the Abyss.
             The game lasted 04:02:37 (37544 turns).

EnegeticOcto the Bringer of Law (Deep Dwarf Monk)  Turns: 37544, Time: 04:02:38

Health: -8/144     AC: 25    Str: 22    XL:     17   Next: 84%
Magic:  3/9 (0)    EV: 13    Int: 17    God:    Zin [******]
Gold:   128        SH: 14    Dex: 12    Spells: 11/16 levels left

rFire    + + .     SeeInvis .   a - staff of earth
rCold    . . .     Gourm    .   Q - +0 kite shield
rNeg     + + +     Faith    +   X - +5 scale mail of the Spider Nest {rN++ Str+6 Int-2}
rPois    .         Spirit   .   E - +2 helmet
rElec    +         Reflect  .   Y - +2 cloak {MR+}
rCorr    .         Harm     .   P - +2 pair of gloves
MR       +++++                  y - +2 pair of boots
Stlth    ++++......             h - amulet "Hienamuz" {Faith +Blink Int+2}
HPRegen  0.00/turn              I - ring of Teiqicir {rElec rF++ MR+++ Dex-3 Stlth+, =R}
MPRegen  0.11/turn              A - ring of magical power

@: about to teleport, non-regenerating, hasted, very quick
A: damage resistance, heal wounds, negative energy resistance 1, sense
surroundings 2, no regeneration
}: 2/15 runes: serpentine, barnacled
a: Heal Wounds, Recite, Vitalisation, Imprison, Sanctuary, Donate Gold, Renounce
Religion, Evoke Blink


You were on level 1 of the Abyss.
You worshipped Zin.
Zin was exalted by your worship.
You were completely stuffed.

You visited 7 branches of the dungeon, and saw 33 of its levels.
You visited the Abyss 1 time.

You collected 3240 gold pieces.
You spent 2850 gold pieces at shops.
You donated 262 gold pieces to Zin.

Inventory:

Hand Weapons
 f - a +2 vorpal war axe
 S - the +7 spear "Juykk" {venom, MR+ Dex+4}
   (You found it on level 12 of the Dungeon)

   It poisons the flesh of those it strikes.
   It affects your dexterity (+4).
   It affects your resistance to hostile enchantments.
Missiles
 k - 17 boomerangs
 o - 23 javelins (quivered)
 s - 45 poisoned darts
 x - 11 atropa-tipped darts
 H - a silver boomerang
 Z - 3 curare-tipped darts
Armour
 y - a +2 pair of boots (worn)
 E - a +2 helmet (worn)
 K - the +5 ring mail of Impressiveness {Dex+4}
   (You found it on level 1 of the Abyss)

   It affects your dexterity (+4).
 P - a +2 pair of gloves (worn)
 Q - a +0 kite shield (worn)
 X - the +5 scale mail of the Spider Nest (worn) {rN++ Str+6 Int-2}
   (You bought it in a shop on level 2 of the Orcish Mines)

   It affects your strength (+6).
   It affects your intelligence (-2).
   It greatly protects you from negative energy.
 Y - a +2 cloak of magic resistance (worn)
Magical Staves
 a - an uncursed staff of earth (weapon)
 D - an uncursed staff of air
Jewellery
 d - an uncursed ring of poison resistance
 h - the amulet "Hienamuz" (around neck) {Faith +Blink Int+2}
   (You found it on level 2 of the Shoals)

   [amulet of faith]

   It allows you to gain divine favour quickly.
   It affects your intelligence (+2).
   It lets you blink.
 r - the ring "Buoczuidd" {*Slow rC+++ rCorr Str+2 Stlth+}
   (You found it on level 2 of the Shoals)

   [ring of resist corrosion]

   It affects your strength (+2).
   It renders you almost immune to cold.
   It provides partial protection from all sources of acid and corrosion.
   It may slow you when you take damage.
   It makes you more stealthy.
 A - a ring of magical power (right hand)
 I - the ring of Teiqicir (left hand) {rElec rF++ MR+++ Dex-3 Stlth+, =R}
   (You found it on level 2 of the Shoals)

   [ring of stealth]

   It affects your dexterity (-3).
   It greatly protects you from fire.
   It insulates you from electricity.
   It affects your resistance to hostile enchantments.
   It makes you more stealthy.
 M - an uncursed ring of protection from cold
 V - an uncursed ring of resist corrosion
Wands
 w - a wand of digging (3) {@v3}
 C - a wand of enslavement (14)
 G - a wand of acid (6) {@v1}
 O - a wand of disintegration (14)
 R - a wand of iceblast (4) {@v2}
Scrolls
 b - a scroll of silence
 c - a scroll of enchant weapon
 i - 4 scrolls of magic mapping {@r5 !r}
 m - 5 scrolls of fear {!r}
 p - 3 scrolls of immolation
 q - 3 scrolls of fog {!r}
 z - 12 scrolls of remove curse {@r2}
 B - 2 scrolls of teleportation {@r3 !r}
 F - 3 scrolls of blinking {@r4}
 J - 4 scrolls of identify {@r1}
Potions
 g - a potion of might {@q3 !q}
 n - a potion of mutation
 t - 3 potions of magic
 u - 2 potions of cancellation
 v - 6 potions of brilliance
 L - a potion of haste {@q4 !q}
 W - 3 potions of stabbing {@q5 !q}
Miscellaneous
 N - a tin of tremorstones (3/3)
 U - a lightning rod (inert)
Comestibles
 e - 31 rations


   Skills:
 - Level 7.4 Fighting
 - Level 9.1 Axes
 - Level 12.0 Staves
 - Level 6.0 Throwing
 - Level 6.0 Armour
 - Level 6.0 Dodging
 - Level 10.0 Stealth
 - Level 14.7 Shields
 - Level 1.5 Translocations
 - Level 14.1 Earth Magic
 + Level 20.1 Invocations
 - Level 12.0 Evocations


You had 11 spell levels left.
You knew the following spells:

 Your Spells              Type           Power        Failure   Level  Hunger
a - Apportation           Tloc           #.....       32%         1    ##.....
t - Leda's Liquefaction   Hex/Erth       #####.....   32%         4    #####..

Your spell library contained the following spells:

 Spells                   Type           Power        Failure   Level  Hunger
 Animate Skeleton         Necr           N/A          52%         1    ##.....
 Corona                   Hex            #......      52%         1    ##.....
 Infusion                 Chrm           #...         52%         1    ##.....
 Sting                    Tmut/Pois      #...         52%         1    ##.....
 Summon Small Mammal      Summ           #...         52%         1    ##.....
 Shroud of Golubria       Chrm/Tloc      #.....       54%         2    ###....
 Call Imp                 Summ           #.......     65%         2    ###....
 Ensorcelled Hibernation  Hex/Ice        #.....       65%         2    ###....
 Poisonous Vapours        Pois/Air       #.....       65%         2    ###....
 Slow                     Hex            #.......     65%         2    ###....
 Song of Slaying          Chrm           #.......     65%         2    ###....
 Borgnjor's Vile Clutch   Necr/Erth      #####.....   67%         5    ######.
 Portal Projectile        Hex/Tloc       #.....       78%         3    ####...
 Recall                   Summ/Tloc      N/A          78%         3    ####...
 Call Canine Familiar     Summ           #.......     87%         3    ####...
 Confusing Touch          Hex            #.......     87%         3    ####...
 Conjure Flame            Conj/Fire      #.......     87%         3    ####...
 Dazzling Flash           Conj/Hex       #.....       87%         3    ####...
 Ignite Poison            Fire/Tmut/Pois #.......     87%         3    ####...
 Inner Flame              Hex/Fire       #.......     87%         3    ####...
 Mephitic Cloud           Conj/Pois/Air  #.......     87%         3    ####...
 Ozocubu's Armour         Chrm/Ice       #.......     87%         3    ####...
 Spectral Weapon          Hex/Chrm       #.......     87%         3    ####...
 Summon Guardian Golem    Hex/Summ       #.......     87%         3    ####...
 Tukima's Dance           Hex            #.......     87%         3    ####...
 Cause Fear               Hex            #.........   99%         4    #####..
 Olgreb's Toxic Radiance  Pois           #.......     99%         4    #####..
 Summon Ice Beast         Ice/Summ       #.......     99%         4    #####..
 Summon Lightning Spire   Summ/Air       #.......     99%         4    #####..
 Statue Form              Tmut/Erth      #####....    99%         6    #######
 Aura of Abjuration       Summ           #.........   100%        5    ######.
 Fireball                 Conj/Fire      #.........   100%        5    ######.
 Irradiate                Conj/Tmut      #.........   100%        5    ######.
 Silence                  Hex/Air        #.........   100%        5    ######.
 Summon Demon             Summ           #.........   100%        5    ######.
 Summon Forest            Summ/Tloc      #.........   100%        5    ######.
 Summon Mana Viper        Hex/Summ       #.......     100%        5    ######.
 Yara's Violent Unravell  Hex/Tmut       #.........   100%        5    ######.
 Darkness                 Hex            #.........   100%        6    #######
 Hydra Form               Tmut           #.........   100%        6    #######
 Invisibility             Hex            #.......     100%        6    #######
 Shadow Creatures         Summ           N/A          100%        6    #######
 Starburst                Conj/Fire      #.........   100%        6    #######
 Dragon Form              Tmut           #.........   100%        7    #######
 Ring of Flames           Chrm/Fire      #.........   100%        7    #######
 Discord                  Hex            #.........   100%        8    #######
 Ignition                 Fire           #.........   100%        8    #######


Dungeon Overview and Level Annotations

Branches:
Dungeon (15/15)            Temple (1/1) D:5            Lair (6/6) D:8
 Shoals (4/4) Lair:4        Snake (4/4) Lair:4        Slime (0/5) Lair:6
    Orc (2/2) D:11            Elf (0/3) Orc:2        Vaults (0/5) D:14
 Depths (1/5) D:15

Altars:
Ashenzari
Cheibriados
Dithmenos
Fedhas
Kikubaaqudgha
Nemelex Xobeh
Okawaru
Ru
Sif Muna
Trog
Vehumet
Wu Jian
Xom
Yredelemnul
Zin
The Shining One

Shops:
D:9 [   Orc:2 (}[%   Depths:1 ?

Portals:
Abyss: Depths:1

Annotations:
D:13 exclusion: ugly thing
D:15 exclusions: 2 doors and skeletal warrior
Lair:3 exclusions: spiny frog and 2 yaks, Fannar; Gastronok
Snake:2 exclusion: naga sharpshooter
Snake:4 Vashnia
Orc:1 exclusion: warg


Innate Abilities, Weirdness & Mutations

You are resistant to damage.
You can heal yourself by infusing magical energy.
You resist negative energy. (rN+)
You passively map the area around you.
You do not regenerate.


Message History

Aim: a raiju (heavily wounded)
You throw a javelin.
The javelin closely misses the raiju. x2
You hit the raiju but do no damage. You crush the raiju!
The raiju is severely wounded.
The raiju bursts into living lightning!
The living lightning hits you! You resist.
* * * LOW HITPOINT WARNING * * *
The living lightning hits you. You resist.
The living lightning hits the raiju.
The raiju completely resists.
The raiju blinks!
You block the raiju's attack.
You miss the raiju.
The raiju is severely wounded.
You hit the raiju. You crush the raiju.
The raiju is almost dead.
The raiju bursts into living lightning!
The living lightning misses you. The living lightning hits you. You resist.
The living lightning hits the raiju.
The raiju completely resists.
The raiju blinks!
You block the chaos spawn's attack.
A starcursed mass comes into view.
The raiju bursts into living lightning!
The living lightning hits you. You resist.
* * * LOW HITPOINT WARNING * * *
The living lightning hits you. You resist.
* * * LOW HITPOINT WARNING * * *
The raiju blinks!
A starcursed mass splits.
You closely miss the chaos spawn.
You see here 2 javelins.
The raiju barely misses you.
The raiju bursts into living lightning!
The living lightning hits you. You resist.
* * * LOW HITPOINT WARNING * * *
The living lightning hits you. You resist.
* * * LOW HITPOINT WARNING * * *
The raiju blinks!
Okay, then.
You closely miss the raiju.
The raiju is heavily wounded.
You hit the raiju but do no damage. You crush the raiju!!
The raiju is almost dead.
The raiju misses you.
You barely miss the raiju.
The raiju is almost dead.
You hit the raiju but do no damage. You crush the raiju!!
You kill the raiju!
You hit the chaos spawn but do no damage.
You crush the chaos spawn!
The chaos spawn is heavily wounded.
You hit the chaos spawn. You crush the chaos spawn.
The chaos spawn is severely wounded.
The chaos spawn barely misses you.
You hit the chaos spawn but do no damage.
You crush the chaos spawn.
The chaos spawn is severely wounded.
You block the chaos spawn's attack.
You hit the chaos spawn but do no damage.
You crush the chaos spawn!
You kill the chaos spawn!
Zin accepts your kill.
The chaos spawn degenerates into a cloud of primal chaos!
You barely miss the raiju.
The raiju is almost dead.
The raiju is engulfed in seething chaos.
The raiju bursts into living lightning!
The living lightning misses you. x2; The raiju blinks! x3
You closely miss the raiju.
The raiju is almost dead.
You hit the raiju. You crush the raiju!
You kill the raiju!
Really quaff
L - 2 potions of haste {@q4 !q}?
You feel yourself speed up.
Okay, then.
You hit the starcursed mass but do no damage.
A small abomination comes into view.
You hear a choir sing!
The small abomination is blasted by Zin's holy word!
You destroy the small abomination!
Zin accepts your kill.
The monsters scatter in all directions!
You see a puff of smoke.
You swap places.
You see a puff of smoke.
o - 23 javelins (gained 2)
You see a puff of smoke.
You see a puff of smoke.
Okay, then.
Really read
B - 3 scrolls of teleportation {@r3 !r}?
As you read the scroll of teleportation {@r3 !r}, it crumbles to dust.
You feel strangely unstable.
You feel the power of the Abyss delaying your translocation!
You see a puff of smoke.
A starcursed mass splits.
You are ready to recite again.
There's no appreciative audience!
You swap places.
The sanctuary disappears.
A starcursed mass splits.
Okay, then.
You hit the starcursed mass! You crush the starcursed mass!
The starcursed mass is moderately damaged.
The starcursed mass shudders and withdraws towards its neighbour.
A chorus of shrieks assaults your mind.
You die...

## ...
.##.. .#..
..X ..
.###.##
##§XX...#
#@# ..##
###.#..####
#.X... .#
#.##..#.. .
.. ..##. ..
##.. . ####
. ... # ###
.#. #..


You could see 3 starcursed masses.

Vanquished Creatures
  A kraken (Shoals:3)
  A sphinx (D:15)
  Agnes (D:14)
  A revenant (Abyss:1)
  Donald (Shoals:4)
  4 nagarajas (Snake:4)
  An orc warlord (Orc:2)
  Aizul (Shoals:4)
  An ironheart preserver (D:14)
  A stone giant (Orc:2)
  A vampire knight (D:15)
  Nessos (D:13)
  A deep elf annihilator (D:15)
  A dire elephant (shapeshifter) (D:15)
  Josephine (Snake:1)
  An ettin (Orc:1)
  4 merfolk impalers
  A yaktaur captain (D:15)
  4 ogre magi (Orc:2)
  13 naga warriors
  A rakshasa (Abyss:1)
  9 hydras
  An alligator snapping turtle (Shoals:4)
  3 merfolk avatars
  A catoblepas (Lair:6)
  9 anacondas
  16 two-headed ogres
  4 centaur warriors
  3 merfolk aquamancers
  3 death knights (D:15)
  3 satyrs
  A tengu warrior (D:14)
  Urug (D:13)
  A thrashing horror (Abyss:1)
  6 shock serpents
  3 naga sharpshooters
  A fire crab (shapeshifter) (D:15)
  A wretched star (Abyss:1)
  3 large abominations (Abyss:1)
  2 salamander mystics
  6 sea snakes
  2 unseen horrors
  A skeletal warrior (D:15)
  A flayed ghost (D:15)
  A lindwurm (Lair:6)
  A phantasmal warrior (D:14)
  3 naga ritualists
  6 deep elf magi
  A wolf spider zombie (D:15)
  5 harpies
  3 orc knights
  7 fauns
  2 orc sorcerers
  3 wolf spiders
  4 mana vipers
  8 ugly things
  2 cyclopes (D:15)
  6 salamanders
  26 black mambas
  10 manticores
  Maurice (Orc:2)
  3 water nymphs (Shoals:4)
  2 smoke demons (Abyss:1)
  13 naga magi
  5 merfolk sirens
  A rust devil (Abyss:1)
  8 centaur skeletons
  2 guardian serpents
  6 spiny frogs
  The ghost of mora the Shield-Bearer, a novice FoFi (D:5)
  3 gargoyles
  A spiny frog (shapeshifter) (D:15)
  3 freezing wraiths
  2 rime drakes
  8 komodo dragons
  2 ancient zymes (Abyss:1)
  A jumping spider (shapeshifter) (D:14)
  A wind drake (Shoals:2)
  8 trolls
  4 blink frogs (Lair:4)
  5 hornets
  23 merfolk
  3 polar bears
  9 dream sheep (Lair:6)
  A meliai zombie (D:15)
  2 raiju (Abyss:1)
  19 hippogriffs
  13 slime creatures
  6 small abominations (Abyss:1)
  A snapping turtle (Shoals:4)
  Sigmund (D:2)
  A centaur simulacrum (D:15)
  7 water elementals
  A ynoxinul (Abyss:1)
  5 shadows
  16 spriggans (Lair:6)
  5 wraiths
  35 yaks
  A neqoxec (Abyss:1)
  5 wyverns
  Grum (D:8)
  A steam dragon (D:9)
  4 basilisks
  3 chaos spawn (Abyss:1)
  2 vampire mosquitoes (D:15)
  3 hungry ghosts
  4 wargs
  51 nagas
  A soldier ant (D:12)
  A soldier ant (shapeshifter) (D:15)
  8 water moccasins
  An acid dragon (D:15)
  11 porcupines
  7 black bears
  A hornet zombie (D:14)
  5 ice beasts
  17 orc warriors
  4 sky beasts
  2 necrophages
  37 ogres
  A phantom (D:12)
  28 wolves
  4 boggarts (Lair:6)
  9 centaurs
  12 crocodiles
  A big kobold (D:10)
  16 bullfrogs
  2 wyvern skeletons
  6 scorpions
  13 killer bees
  An electric eel (Snake:1)
  6 howler monkeys
  7 crimson imps
  2 bullfrog zombies
  5 centaur zombies
  Crazy Yiuf (D:6)
  2 bullfrog skeletons
  7 hounds
  4 jellies
  2 quasits
  14 orc priests
  29 orc wizards
  5 iguanas
  7 hell rats (Lair:5)
  9 worker ants
  Terence (D:2)
  A hound zombie (D:11)
  2 hound skeletons (D:4)
  2 howler monkey zombies
  A worker ant zombie (D:8)
  Robin (D:3)
  3 gnolls (D:2)
  10 adders
  7 shadow imps
  2 white imps (Abyss:1)
  An ufetubus (Abyss:1)
  4 worms
  2 adder skeletons
  3 dart slugs
  9 leopard geckos
  67 orcs
  2 giant cockroaches
  15 goblins
  6 hobgoblins
  6 jackals
  12 kobolds
  4 quokkas
  2 ball pythons
  5 bats
  3 frilled lizards
  A leopard gecko zombie (D:5)
  8 rats
  2 pillars of salt (Abyss:1)
  2 tentacles (Shoals:3)
986 creatures vanquished.

Vanquished Creatures (collateral kills)
  A hydra (Lair:4)
  A two-headed ogre (Orc:2)
  A merfolk (Shoals:4)
  A warg (Orc:2)
  A naga (Lair:4)
  A hornet zombie (D:7)
6 creatures vanquished.

Vanquished Creatures (others)
  A merfolk impaler (Shoals:4)
  A faun (Shoals:3)
  2 spiny frogs
  2 fungi (Lair:6)
  6 pillars of salt
  7 plants
  10 tentacles (Shoals:3)
29 creatures vanquished.

Grand Total: 1021 creatures vanquished

Notes
Turn   | Place    | Note
-------+----------+-------------------------------------------
     0 | D:1      | EnegeticOcto the Deep Dwarf Monk began the quest for the
                  | Orb.
     0 | D:1      | Reached XP level 1. HP: 20/20 MP: 1/1
   119 | D:1      | Reached skill level 3 in Stealth
   173 | D:1      | Reached XP level 2. HP: 24/27 MP: 2/2
   362 | D:1      | Reached skill level 4 in Stealth
   881 | D:2      | Noticed Terence
   917 | D:2      | Killed Terence
   917 | D:2      | Reached skill level 1 in Throwing
   917 | D:2      | Reached skill level 1 in Shields
   917 | D:2      | Reached XP level 3. HP: 24/33 MP: 3/3
  1320 | D:2      | Reached XP level 4. HP: 27/40 MP: 4/4
  1574 | D:2      | Reached skill level 2 in Throwing
  1574 | D:2      | Reached skill level 2 in Shields
  1576 | D:2      | Noticed Sigmund
  1846 | D:2      | Killed Sigmund
  1846 | D:2      | Reached skill level 4 in Shields
  1846 | D:2      | Reached XP level 5. HP: 38/46 MP: 5/5
  2001 | D:2      | You fall into a shaft and drop 1 floor!
  2048 | D:3      | Reached XP level 6. HP: 37/55 MP: 6/6
  2265 | D:3      | Noticed Robin
  2313 | D:3      | Killed Robin
  2313 | D:3      | Reached skill level 5 in Stealth
  2589 | D:3      | Reached skill level 3 in Throwing
  3360 | D:4      | Reached skill level 6 in Stealth
  3482 | D:4      | Found a shadowy altar of Dithmenos.
  3483 | D:4      | Found an ancient bone altar of Kikubaaqudgha.
  3637 | D:4      | Found a shattered altar of Ashenzari.
  3727 | D:4      | Reached skill level 4 in Throwing
  3727 | D:4      | Reached XP level 7. HP: 51/61 MP: 7/7
  3811 | D:5      | Entered Level 5 of the Dungeon
  3953 | D:5      | Reached skill level 5 in Throwing
  3981 | D:5      | Reached skill level 3 in Fighting
  3981 | D:5      | Reached skill level 1 in Evocations
  4242 | D:5      | Found a runed translucent door.
  4242 | D:5      | Noticed mora's ghost (novice FoFi)
  4279 | D:6      | Reached skill level 2 in Evocations
  4348 | D:6      | Reached skill level 3 in Evocations
  4406 | D:6      | Found a bloodstained altar of Trog.
  4619 | D:6      | Noticed a hippogriff
  4679 | D:6      | Killed a hippogriff
  4679 | D:6      | Reached skill level 4 in Fighting
  4679 | D:6      | Reached skill level 4 in Evocations
  4679 | D:6      | Reached XP level 8. HP: 25/73 MP: 9/11
  4704 | D:6      | Reached skill level 5 in Evocations
  5247 | D:5      | Found a staircase to the Ecumenical Temple.
  5256 | Temple   | Entered the Ecumenical Temple
  5286 | Temple   | Became a worshipper of Zin the Law-Giver
  5286 | Temple   | Reached * piety under Zin
  5286 | Temple   | Reached ** piety under Zin
  5286 | Temple   | Reached *** piety under Zin
  5499 | D:7      | Reached skill level 5 in Fighting
  5640 | D:7      | Found a sparkling altar of Nemelex Xobeh.
  5728 | D:7      | Reached skill level 6 in Throwing
  5728 | D:7      | Reached skill level 1 in Invocations
  5737 | D:7      | Noticed a hippogriff
  5763 | D:7      | Killed a hippogriff
  5763 | D:7      | Reached skill level 4 in Dodging
  5763 | D:7      | Reached skill level 3 in Invocations
  5803 | D:7      | Reached skill level 4 in Invocations
  5893 | D:7      | Reached **** piety under Zin
  5938 | D:7      | Reached skill level 5 in Dodging
  5938 | D:7      | Gained mutation: You passively map the area around you.
                  | [Deep Dwarf growth]
  5938 | D:7      | Reached XP level 9. HP: 65/81 MP: 11/11
  6393 | D:7      | Reached skill level 5 in Invocations
  6711 | D:8      | Reached skill level 6 in Dodging
  6711 | D:8      | Reached skill level 6 in Invocations
  6762 | D:8      | Reached skill level 7 in Invocations
  6771 | D:8      | Found a staircase to the Lair.
  6880 | D:8      | Reached skill level 8 in Invocations
  6921 | D:8      | Noticed a two-headed ogre
  7231 | D:8      | Reached skill level 9 in Invocations
  7287 | D:8      | Killed a two-headed ogre
  7287 | D:8      | Reached skill level 10 in Invocations
  7287 | D:8      | Reached skill level 5 in Axes
  7287 | D:8      | Reached XP level 10. HP: 75/88 MP: 14/14
  7338 | D:8      | Reached ***** piety under Zin
  7565 | D:8      | Noticed a deep elf mage
  7565 | D:8      | Noticed Grum
  7677 | D:8      | Found an ornate altar of the Wu Jian Council.
  7934 | D:5      | Found a runed translucent door.
  7985 | D:5      | Found a sparkling altar of Nemelex Xobeh.
  8105 | D:6      | Found a runed translucent door.
  8106 | D:6      | Noticed Crazy Yiuf
  8116 | D:6      | Killed Crazy Yiuf
  8116 | D:6      | Reached skill level 6 in Axes
  8116 | D:6      | Reached skill level 7 in Stealth
  8418 | D:9      | Reached skill level 11 in Invocations
  8474 | D:9      | Reached skill level 8 in Stealth
  8638 | D:9      | Reached skill level 7 in Axes
  8811 | D:9      | Found Gijat's Antique Armour Shoppe.
  8819 | D:9      | Bought a pair of embroidered gloves for 187 gold pieces
  8819 | D:9      | Bought a kite shield for 112 gold pieces
  9193 | D:10     | Entered Level 10 of the Dungeon
  9305 | D:10     | Reached skill level 9 in Stealth
  9305 | D:10     | Reached XP level 11. HP: 52/94 MP: 15/15
 10035 | D:10     | Reached skill level 5 in Shields
 10035 | D:10     | Reached skill level 12 in Invocations
 10081 | D:10     | Reached skill level 8 in Axes
 10627 | Lair:1   | Entered Level 1 of the Lair of Beasts
 10868 | Lair:1   | Reached skill level 10 in Stealth
 10902 | Lair:1   | Reached skill level 6 in Shields
 11743 | Lair:2   | Reached ****** piety under Zin
 12031 | Lair:3   | Noticed Fannar
 12033 | Lair:3   | Reached skill level 6 in Fighting
 12038 | Lair:3   | Reached skill level 9 in Axes
 12157 | Lair:2   | Reached skill level 13 in Invocations
 12636 | Lair:2   | Reached skill level 7 in Shields
 12779 | Lair:3   | Noticed Gastronok
 12888 | Lair:4   | Noticed a five-headed hydra
 12958 | Lair:4   | Killed a five-headed hydra
 12958 | Lair:4   | Reached XP level 12. HP: 84/106 MP: 12/12
 13210 | Lair:4   | Found a staircase to the Snake Pit.
 13394 | Lair:4   | Reached skill level 1 in Staves
 13499 | Lair:4   | Found a staircase to the Shoals.
 14084 | Lair:4   | Noticed a five-headed hydra
 14433 | D:11     | Reached skill level 6 in Evocations
 14444 | D:11     | Reached skill level 2 in Staves
 14579 | D:10     | Learned a level 4 spell: Leda's Liquefaction
 14882 | D:11     | Reached skill level 1 in Earth Magic
 15049 | D:11     | Paralysed by a hornet for 2 turns
 15063 | D:11     | Reached skill level 2 in Earth Magic
 15100 | D:11     | Found a staircase to the Orcish Mines.
 15113 | D:11     | Identified the ring "Pelyg" {MR+ Str+6}
 15170 | D:11     | Reached skill level 3 in Staves
 15357 | D:11     | Reached skill level 8 in Shields
 15465 | D:11     | Reached skill level 3 in Earth Magic
 15759 | Orc:1    | Entered Level 1 of the Orcish Mines
 15950 | Orc:1    | Reached skill level 7 in Evocations
 16135 | Orc:1    | Noticed an ettin
 16164 | Orc:1    | Killed an ettin
 16164 | Orc:1    | Reached skill level 4 in Staves
 16394 | Orc:1    | Reached skill level 4 in Earth Magic
 16556 | Orc:2    | Entered Level 2 of the Orcish Mines
 16663 | Orc:2    | Noticed a stone giant
 16702 | Orc:2    | Killed a stone giant
 16702 | Orc:2    | Reached skill level 5 in Staves
 16739 | Orc:2    | Your magical essence is drained by the effort!
 16812 | Orc:2    | Noticed a two-headed ogre
 16827 | Orc:2    | Noticed an ogre mage
 16842 | Orc:2    | Killed a two-headed ogre
 16842 | Orc:2    | Reached skill level 5 in Earth Magic
 16842 | Orc:2    | Reached skill level 8 in Evocations
 16844 | Orc:2    | Killed an ogre mage
 16844 | Orc:2    | Reached XP level 13. HP: 84/114 MP: 13/13
 16980 | Orc:2    | Reached skill level 6 in Staves
 16987 | Orc:2    | Reached skill level 9 in Shields
 17132 | Orc:2    | Your magical essence is drained by the effort!
 17245 | Orc:2    | Reached skill level 6 in Earth Magic
 17517 | Orc:2    | Reached skill level 9 in Evocations
 17555 | Orc:2    | Found Xysm's Antique Weapon Shop.
 17555 | Orc:2    | Found Qego Huk's Gadget Shoppe.
 17556 | Orc:2    | Found Yreq's Antique Armour Shoppe.
 17556 | Orc:2    | Found Ycheo's Food Boutique.
 17628 | Orc:2    | Your magical essence is drained by the effort!
 17637 | Orc:2    | Reached skill level 7 in Staves
 17653 | Orc:2    | Your magical essence is drained by the effort!
 17720 | Orc:2    | Found a staircase to the Elven Halls.
 17735 | Orc:2    | Bought a tin of tremorstones (3/3) for 600 gold pieces
 17736 | Orc:2    | Bought a bloodstained scale mail for 243 gold pieces
 17736 | Orc:2    | Bought an embroidered cloak for 202 gold pieces
 17840 | Orc:2    | Reached skill level 7 in Earth Magic
 17899 | Orc:2    | Identified the +5 scale mail of the Spider Nest {rN++ Str+6
                  | Int-2} (You bought it in a shop on level 2 of the Orcish
                  | Mines)
 18094 | Orc:2    | Noticed Maurice
 18105 | Orc:2    | Killed Maurice
 18113 | Orc:2    | Noticed an orc warlord
 18120 | Orc:2    | Killed an orc warlord
 18606 | Orc:2    | Reached skill level 8 in Staves
 18606 | Orc:2    | Reached skill level 10 in Shields
 18876 | Orc:2    | Bought a wand of paralysis (3) for 75 gold pieces
 19098 | D:12     | Reached skill level 10 in Evocations
 19318 | D:10     | Reached skill level 8 in Earth Magic
 19839 | D:12     | Got an ivory spear
 19840 | D:12     | Identified the +7 spear "Juykk" {venom, MR+ Dex+4} (You
                  | found it on level 12 of the Dungeon)
 20128 | D:13     | Noticed Urug
 20449 | D:13     | Gained mutation: You resist negative energy. (rN+) [Deep
                  | Dwarf growth]
 20449 | D:13     | Reached XP level 14. HP: 83/121 MP: 11/11
 20498 | D:13     | Your magical essence is drained by the effort!
 20510 | D:13     | Reached skill level 9 in Earth Magic
 20596 | D:13     | Noticed Nessos
 20611 | D:13     | Killed Nessos
 20949 | D:13     | Killed Urug
 21180 | D:13     | Reached skill level 10 in Earth Magic
 21313 | D:14     | Reached skill level 9 in Staves
 21504 | D:14     | Reached skill level 11 in Shields
 21673 | D:14     | Noticed Agnes
 21703 | D:14     | Killed Agnes
 21826 | D:14     | Noticed an ironheart preserver
 21863 | D:14     | Killed an ironheart preserver
 21916 | D:14     | Reached skill level 10 in Staves
 21954 | D:14     | Found a radiant altar of Vehumet.
 22009 | D:14     | Found a gate to the Vaults.
 22187 | D:15     | Entered Level 15 of the Dungeon
 22209 | D:14     | Your magical essence is drained by the effort!
 22674 | Lair:4   | Reached skill level 12 in Shields
 23052 | Lair:5   | Identified the cursed +1 leather armour of Resourcefulness
                  | {rC+} (You found it on level 5 of the Lair of Beasts)
 23745 | Lair:6   | Entered Level 6 of the Lair of Beasts
 23959 | Lair:6   | Your magical essence is drained by the effort!
 24395 | Lair:6   | Reached XP level 15. HP: 70/128 MP: 9/9
 24433 | Lair:6   | Your magical essence is drained by the effort!
 24437 | Lair:6   | Your magical essence is drained by the effort!
 24438 | Lair:6   | Reached skill level 11 in Evocations
 24457 | Lair:6   | Reached skill level 11 in Earth Magic
 24647 | Lair:6   | Identified the Reference Book on the Entrancing Blaze
 25009 | Lair:6   | Found a staircase to the Slime Pits.
 25536 | D:5      | Your magical essence is drained by the effort!
 25560 | D:5      | Killed mora's ghost
 25740 | D:8      | Killed Grum
 26120 | D:15     | Reached skill level 11 in Staves
 26322 | D:15     | Reached skill level 13 in Shields
 26332 | D:15     | Found a staircase to the Depths.
 26779 | D:15     | Found an iron altar of Okawaru.
 26780 | D:15     | Found a shimmering altar of Xom.
 26780 | D:15     | Found a glowing golden altar of the Shining One.
 26907 | D:15     | Noticed a sphinx
 27149 | D:15     | Killed a sphinx
 27149 | D:15     | Reached skill level 12 in Earth Magic
 27437 | D:15     | Reached skill level 14 in Invocations
 27888 | Orc:2    | Bought a wand of acid (7) for 330 gold pieces
 28282 | D:15     | Your magical essence is drained by the effort!
 28922 | Shoals:1 | Entered Level 1 of the Shoals
 29221 | Shoals:2 | Your magical essence is drained by the effort!
 29247 | Shoals:2 | Found a transporter.
 29346 | Shoals:2 | Found a transporter.
 29478 | Shoals:2 | Reached skill level 13 in Earth Magic
 29478 | Shoals:2 | Reached XP level 16. HP: 77/135 MP: 2/5
 29656 | Shoals:2 | Got a bound golden amulet
 29670 | Shoals:2 | Got a brightly glowing golden ring
 29677 | Shoals:2 | Identified the ring of Teiqicir {rElec rF++ MR+++ Dex-3
                  | Stlth+} (You found it on level 2 of the Shoals)
 29678 | Shoals:2 | Identified the amulet "Hienamuz" {Faith +Blink Int+2} (You
                  | found it on level 2 of the Shoals)
 29683 | Shoals:2 | Identified the ring "Buoczuidd" {*Slow rC+++ rCorr Str+2
                  | Stlth+} (You found it on level 2 of the Shoals)
 29788 | Shoals:3 | Noticed a kraken
 29885 | Shoals:3 | Your magical essence is drained by the effort!
 29890 | Shoals:3 | Killed a kraken
 29890 | Shoals:3 | Reached skill level 12 in Staves
 29890 | Shoals:3 | Reached skill level 14 in Shields
 30004 | Shoals:4 | Entered Level 4 of the Shoals
 30012 | Shoals:4 | Reached skill level 15 in Invocations
 30154 | Shoals:4 | Your magical essence is drained by the effort!
 30159 | Shoals:4 | Your magical essence is drained by the effort!
 30221 | Shoals:4 | Identified the cursed +1 robe "Hecwy" {+Fly Str+3}
 30495 | Shoals:4 | Noticed Aizul
 30601 | Shoals:4 | Your magical essence is drained by the effort!
 30629 | Shoals:4 | Reached skill level 7 in Fighting
 30637 | Shoals:4 | Noticed Donald
 30665 | Shoals:4 | Killed Donald
 30678 | Shoals:4 | Killed Aizul
 30690 | Shoals:4 | Reached skill level 14 in Earth Magic
 30698 | Shoals:4 | Your magical essence is drained by the effort!
 31085 | Shoals:4 | Got a barnacled rune of Zot
 31360 | D:9      | Bought a jet-encrusted plate armour for 700 gold pieces
 31360 | D:9      | Identified the cursed +1 plate armour of Fut Muad {rF- rC+
                  | Str+4} (You bought it in a shop on level 9 of the Dungeon)
 31624 | D:15     | Noticed a quicksilver dragon
 31624 | D:15     | a fire giant changed into a quicksilver dragon
 31627 | D:15     | a quicksilver dragon changed into an iron troll
 31641 | D:15     | Reached skill level 1 in Armour
 31653 | D:15     | Reached skill level 12 in Evocations
 31688 | D:15     | Reached skill level 2 in Armour
 31737 | D:15     | Learned a level 1 spell: Apportation
 32257 | Snake:1  | Entered Level 1 of the Snake Pit
 32259 | Snake:1  | Reached skill level 1 in Translocations
 32339 | Snake:1  | Your magical essence is drained by the effort!
 32398 | Snake:1  | Reached skill level 3 in Armour
 33517 | Snake:2  | Reached skill level 4 in Armour
 33543 | Snake:2  | Reached skill level 16 in Invocations
 33573 | Snake:2  | Reached skill level 5 in Armour
 33625 | Snake:2  | Reached XP level 17. HP: 67/144 MP: 2/2
 33690 | Snake:2  | Your magical essence is drained by the effort!
 34210 | Snake:3  | Reached skill level 6 in Armour
 34225 | Snake:3  | Your magical essence is drained by the effort!
 34564 | Snake:3  | Reached skill level 17 in Invocations
 34669 | Snake:4  | Entered Level 4 of the Snake Pit
 34669 | Snake:4  | Found a glowing golden altar of the Shining One.
 35087 | Snake:4  | Reached skill level 18 in Invocations
 35221 | Snake:4  | Noticed Vashnia
 35267 | Snake:4  | Reached skill level 19 in Invocations
 35293 | Snake:4  | Got a serpentine rune of Zot
 35296 | Snake:4  | Your magical essence is drained by the effort!
 35503 | Snake:1  | Noticed Josephine
 35537 | Snake:1  | Killed Josephine
 36122 | Orc:2    | Bought a wand of enslavement (14) for 240 gold pieces
 36343 | Depths:1 | Entered Level 1 of the Depths
 36352 | Depths:1 | Found Witifot's Magic Scroll Shoppe.
 36355 | Depths:1 | Found a one-way gate to the infinite horrors of the Abyss.
 36362 | Depths:1 | Bought a scroll of teleportation for 51 gold pieces
 36362 | Depths:1 | Bought a scroll of teleportation for 51 gold pieces
 36362 | Depths:1 | Bought a scroll of fear for 59 gold pieces
 36371 | Depths:1 | Voluntarily entered the Abyss.
 36484 | Abyss:1  | Noticed a bone dragon
 36688 | Abyss:1  | Identified the +5 ring mail of Impressiveness {Dex+4} (You
                  | found it on level 1 of the Abyss)
 36944 | Abyss:1  | Reached skill level 20 in Invocations
 36950 | Abyss:1  | Your magical essence is drained by the effort!
 37504 | Abyss:1  | HP: 7/144 [raiju/living lightning (3)]
 37508 | Abyss:1  | HP: 2/144 [raiju/living lightning (2)]
 37544 | Abyss:1  | Killed from afar by a starcursed mass

Illustrated notes

Levels and vault maps discovered:
D:1:      tarquinn_simple_flora_water_f, layout_loops_ring
D:2:      layout_rooms, lemuel_another_geyser, uniq_sigmund, uniq_terence
D:3:      layout_rooms, uniq_robin
D:4:      layout_rooms, gammafunk_temple_overflow_statue, kennysheep_mini,
          first_ration, kennysheep_boxes
D:5:      layout_basic, nemelex_xobeh_ov_fountains_minmay,
          lemuel_temple_firewalk_b, ebering_ghost_sewer_f
D:6:      layout_basic, trog_ov_bears_minmay, uniq_crazy_yiuf_cottage
D:7:      layout_gridville, basic_altar
D:8:      layout_loops_cross, lemuel_round_altar, lair_entry_dummy,
          kennysheep_generic_room_8, uniq_grum
D:9:      layout_long_grid, serial_shops, nicolae_shop_waterfront
D:10:     layout_stronghold
D:11:     layout_cave_pools, david_orc_1_choice
D:12:     layout_cave_pods
D:13:     layout_loops_corners, uniq_nessos, uniq_urug
D:14:     layout_gridville, skrybe_vaults_entry_preservation,
          chequers_serial_rivers_micro_e, basic_altar, grunt_tengu_nest,
          uniq_agnes
D:15:     hangedman_slaughterboxes, serial_shops
Temple:   nicolae_temple_elliptical
Lair:1:   layout_chaotic_city
Lair:2:   layout_regular_city
Lair:3:   layout_misc_corridors, nicolae_volcano_entry_s_turn, uniq_fannar,
          uniq_gastronok
Lair:4:   layout_hall_layers, elwin_shoals_entry_stream,
          guppyfry_snake_entry_island
Lair:5:   layout_loops_ring
Lair:6:   minmay_lair_end_enchanted_forest, layout_loops_ring,
          dpeg_slime_entry_corner
Shoals:1: layout_shoals
Shoals:2: gammafunk_its_a_trap, layout_shoals
Shoals:3: layout_shoals, nicolae_shoals_c_island
Shoals:4: shoals_end_hangedman, layout_shoals, uniq_aizul, uniq_donald
Snake:1:  layout_onion_interference, grunt_ministairs_2, serial_bayou_lagoon_a,
          uniq_josephine
Snake:2:  layout_misc_corridors, nicolae_snake_single_loop
Snake:3:  layout_grid_maze
Snake:4:  minmay_snake_end_coiled, layout_cave_town, basic_altar, uniq_vashnia
Orc:1:    nicolae_orc_accident_1, layout_caves
Orc:2:    st_orc_ogre_mass, layout_caves, mines4_lemuel, uniq_maurice
Depths:1: layout_cave_pools, enter_ziggurat_e, hell_entry,
          chequers_serial_rivers_small_a, abyss_entry_small_statue_room,
          serial_shops, shop, shop, shop, kennysheep_mini_moat, shop,
          st_stairs_3, kennysheep_generic_room_13, serial_bayou_shore_a,
          serial_bayou_shore_b, uniq_sojobo
Abyss:1:  base: Lair:3, minivault_23

Skill      XL: |  1  2  3  4  5  6  7  8  9 10 11 12 13 14 15 16 17 |
---------------+----------------------------------------------------+-----
Stealth        | 3 4 6 9 10 | 10.0
Throwing       | 1 2 4 5 6 |  6.0
Shields        | 1 4 7 8 10 12 13 14 | 14.7
Fighting       | 4 5 6 7 |  7.4
Evocations     | 4 5 8 10 11 12 | 12.0
Invocations    | 4 10 11 13 14 16 20 | 20.1
Dodging        | 5 6 |  6.0
Axes           | 5 7 9 |  9.1
Staves         | 5 8 10 11 12 | 12.0
Earth Magic    | 5 8 10 13 14 | 14.1
Armour         | 5 6 |  6.0
Translocations | 1 |  1.5

Action                   |  1- 3 |  4- 6 |  7- 9 | 10-12 | 13-15 | 16-18 || total
-------------------------+-------+-------+-------+-------+-------+-------++-------
Melee: Hand axe          |    25 |       |    28 |   695 |    96 |       ||   844
       Short sword       |    45 |    75 |    38 |       |       |       ||   158
       Hunting sling     |       |     1 |       |       |       |       ||     1
       Dagger            |       |       |    48 |       |       |       ||    48
       War axe           |       |       |    66 |    28 |       |       ||    94
       Broad axe         |       |       |       |    25 |       |       ||    25
       Staff             |       |       |       |       |  1206 |   873 ||  2079
       Spear             |       |       |       |       |     1 |       ||     1
 Fire: Hunting sling     |       |    77 |   168 |   198 |   129 |       ||   572
Throw: Stone             |    22 |     7 |     7 |    10 |       |       ||    46
       Boomerang         |    30 |    24 |    89 |    85 |   188 |   193 ||   609
       Dart              |     4 |    45 |    42 |   241 |   356 |    84 ||   772
       Javelin           |       |       |     3 |     6 |    38 |    19 ||    66
 Cast: Apportation       |       |       |       |       |       |     5 ||     5
Invok: Recite            |       |       |     5 |    23 |    48 |    42 ||   118
       Imprison          |       |       |       |     1 |       |     1 ||     2
       Vitalisation      |       |       |       |       |     6 |    25 ||    31
       Sanctuary         |       |       |       |       |       |     1 ||     1
 Abil: Heal Wounds       |       |     2 |     6 |    38 |    42 |    35 ||   123
Evoke: Wand              |       |     5 |     1 |    23 |    39 |    69 ||   137
       Tin of tremorston |       |       |       |       |     8 |    13 ||    21
       Lightning rod     |       |       |       |       |       |     7 ||     7
       Phantom mirror    |       |       |       |       |       |     1 ||     1
  Use: Scroll            |     3 |     8 |     9 |     5 |    12 |    29 ||    66
       Potion            |       |       |       |     3 |     1 |    21 ||    25
 Stab: Sleeping          |     2 |     1 |     2 |     9 |    10 |     2 ||    26
       Invisible         |     1 |       |       |     2 |     7 |       ||    10
       Paralysed         |       |       |       |    21 |    27 |    28 ||    76
       Confused          |       |       |       |     2 |    19 |    44 ||    65
       Distracted        |       |       |       |     1 |       |       ||     1
       Petrified         |       |       |       |       |     1 |       ||     1
  Eat: Chunk             |     1 |     7 |    10 |     9 |    25 |     1 ||    53
       Ration            |       |       |     1 |     6 |     5 |    10 ||    22
Armor: Leather armour    |    18 |    20 |   114 |   190 |     3 |       ||   345
       Scale mail        |       |       |       |       |   335 |   221 ||   556
       Plate armour      |       |       |       |       |       |    35 ||    35
Dodge: Dodged            |    41 |    56 |   177 |   335 |   404 |   274 ||  1287
Block: Buckler           |    12 |    16 |    60 |    30 |       |       ||   118
       Kite shield       |       |       |       |   286 |   660 |   506 ||  1452

Table legend:
 A = Non-vault XP
 B = Vault XP
 C = Vault XP percentage of total XP
 D = Non-vault monster count
 E = Vault monster count
 F = Vault count percentage of total count
                 A         B        C        D         E       F
            +---------+---------+-------+---------+---------+-------
      Total |  166054 |  112540 |  40.4 |     704 |     286 |  28.9
            +---------+---------+-------+---------+---------+-------
        D:1 |      33 |       0 |   0.0 |      19 |       0 |   0.0
        D:2 |      82 |     259 |  76.0 |      22 |       2 |   8.3
        D:3 |      61 |      33 |  35.1 |      16 |      11 |  40.7
        D:4 |     322 |       0 |   0.0 |      12 |       0 |   0.0
        D:5 |     749 |     434 |  36.7 |      21 |       4 |  16.0
        D:6 |     875 |     294 |  25.1 |      15 |       3 |  16.7
        D:7 |    1355 |       0 |   0.0 |      25 |       0 |   0.0
        D:8 |    3166 |     989 |  23.8 |      40 |       4 |   9.1
        D:9 |    3156 |       0 |   0.0 |      27 |       0 |   0.0
       D:10 |    3481 |       0 |   0.0 |      40 |       0 |   0.0
       D:11 |    4611 |     404 |   8.1 |      37 |       9 |  19.6
       D:12 |    4401 |       0 |   0.0 |      29 |       0 |   0.0
       D:13 |    6437 |    2191 |  25.4 |      25 |       2 |   7.4
       D:14 |    6303 |    8764 |  58.2 |      18 |      14 |  43.8
       D:15 |       0 |   35850 | 100.0 |       0 |      70 | 100.0
     Lair:1 |    4784 |       0 |   0.0 |      28 |       0 |   0.0
     Lair:2 |    2491 |       0 |   0.0 |      13 |       0 |   0.0
     Lair:3 |    2316 |       0 |   0.0 |      10 |       0 |   0.0
     Lair:4 |    4860 |    2144 |  30.6 |      18 |       7 |  28.0
     Lair:5 |    3443 |       0 |   0.0 |      17 |       0 |   0.0
     Lair:6 |   11920 |    8881 |  42.7 |      32 |      49 |  60.5
   Shoals:1 |     534 |       0 |   0.0 |       2 |       0 |   0.0
   Shoals:2 |    8645 |    4040 |  31.8 |      21 |       7 |  25.0
   Shoals:3 |   10292 |       0 |   0.0 |      15 |       0 |   0.0
   Shoals:4 |    9215 |   12135 |  56.8 |      22 |      14 |  38.9
    Snake:1 |    8937 |    3196 |  26.3 |      24 |       6 |  20.0
    Snake:2 |   12312 |       0 |   0.0 |      24 |       0 |   0.0
    Snake:3 |   16345 |       0 |   0.0 |      29 |       0 |   0.0
    Snake:4 |   14960 |   13017 |  46.5 |      30 |      25 |  45.5
      Orc:1 |    2750 |     988 |  26.4 |      16 |       4 |  20.0
      Orc:2 |    5382 |   18921 |  77.9 |      27 |      55 |  67.1
   Depths:1 |     202 |       0 |   0.0 |       1 |       0 |   0.0
    Abyss:1 |   11634 |       0 |   0.0 |      29 |       0 |   0.0
            +---------+---------+-------+---------+---------+-------
